 Dungeon Crawl Stone Soup version 0.18-a0-1323-g706dcef (webtiles) character file.

224 namelastname112 the Twirler (level 5, -6/45 HPs)
             Began as a Draconian Gladiator on Feb 15, 2016.
             Killed by divine providence
             ... invoked by an orc priest
              (15 damage)
             ... on level 3 of the Dungeon.
             The game lasted 00:02:05 (1464 turns).

namelastname112 the Twirler (Draconian Gladiator)   Turns: 1464, Time: 00:02:08

Health: -6/45      AC:  5    Str: 18    XL:     5   Next: 67%
Magic:  5/5        EV: 13    Int:  8    God:
Gold:   107        SH:  0    Dex: 12    Spells: 0 memorised, 4 levels left

rFire  . . .     SeeInvis .     a - +0 quarterstaff
rCold  + . .     Gourm    .     (armour unavailable)
rNeg   . . .     Faith    .     (shield currently unavailable)
rPois  .         Spirit   .     b - +0 hat
rElec  .         Dismiss  .     (no cloak)
rCorr  .         Reflect  .     (no gloves)
SustAt .         Harm     .     (no boots)
MR     .....                    (no amulet)
Stlth  +.........               (no ring)
                                l - ring of protection from cold

@: not resistant to hostile enchantments, very unstealthy
A: unfitting armour, cold-blooded, AC +5
a: no special abilities


You were on level 3 of the Dungeon.
You were hungry.

You visited 1 branch of the dungeon, and saw 3 of its levels.

You collected 107 gold pieces.

Inventory:

Hand Weapons
 a - a +0 quarterstaff (weapon)
Missiles
 c - 4 throwing nets (quivered)
Armour
 b - a +0 hat (worn)
Jewellery
 l - a ring of protection from cold (left hand)
Wands
 e - a wand of digging (8/24)
Scrolls
 g - 2 scrolls of amnesia {unknown}
 i - a scroll of enchant armour {unknown}
 j - a scroll of fog {unknown}
 k - 5 scrolls of identify {unknown}
 n - a scroll of recharging {unknown}
Comestibles
 d - 2 bread rations
 f - 2 royal jellies
 m - a meat ration


   Skills:
 + Level 3.5 Fighting
 * Level 4.9 Staves
 - Level 1.7 Throwing
 + Level 3.9 Dodging


You had 4 spell levels left.
You didn't know any spells.

Dungeon Overview and Level Annotations

Branches:
Dungeon (3/15)

Altars:
Vehumet


Innate Abilities, Weirdness & Mutations

Your plain brown scales are hard (AC +5).
Your body does not fit into most forms of armour.
You are cold-blooded and may be slowed by cold attacks.


Message History

* * * LOW HITPOINT WARNING * * *
The orc priest hits you with a whip.
* * * LOW HITPOINT WARNING * * *
The goblin unwields an uncursed hunting sling.
The goblin wields an uncursed club.
The goblin misses you.
You barely miss the orc priest.
You tail-slap the orc priest, but do no damage.
The orc priest is lightly wounded.
The hobgoblin closely misses you. The orc priest closely misses you.
You hit the orc priest but do no damage.
The orc priest is lightly wounded.
The goblin misses you. The hobgoblin barely misses you.
The orc priest misses you.
You hit the orc priest but do no damage.
You tail-slap the orc priest, but do no damage.
The orc priest is lightly wounded.
The hobgoblin barely misses you. The goblin hits you but does no damage.
The orc priest invokes the aid of Beogh against you.
Something smites you!
You die...

...#.##..........# ..
##.#. +..........# ...
####+####..........#
.$..#...........#+#....#
....#..................#
..............###.#.....
......[.....).+ (.....#
.......(......# .#.
....#.g@......+ . .
####..og.(....# ..
#..........#
#....####.... ......+
.... .......# ..
.....#### .....


You could see an orc priest, a hobgoblin and a goblin.

Vanquished Creatures
  Sigmund (D:3)
  2 adders
  An ooze (D:2)
  A worm (D:2)
  A giant gecko (D:1)
  2 orcs (D:3)
  7 bats
  3 goblins
  5 hobgoblins
  2 giant newts (D:1)
  4 kobolds
  A rat (D:2)
30 creatures vanquished.

Notes
Turn   | Place    | Note
--------------------------------------------------------------
     0 | D:1      | namelastname112 the Draconian Gladiator began the quest for the Orb.
     0 | D:1      | Reached XP level 1. HP: 17/17 MP: 1/1
   312 | D:1      | Reached XP level 2. HP: 25/25 MP: 2/2
   841 | D:2      | Found a radiant altar of Vehumet.
   876 | D:2      | Reached XP level 3. HP: 30/30 MP: 3/3
  1269 | D:3      | Noticed Sigmund
  1304 | D:3      | Killed Sigmund
  1304 | D:3      | Reached skill level 4 in Staves
  1304 | D:3      | Reached XP level 4. HP: 38/38 MP: 4/4
  1304 | D:3      | Reached XP level 5. HP: 45/45 MP: 5/5
  1464 | D:3      | Killed from afar by an orc priest

Vault maps used:
D:1:      dpeg_arrival_tiny_d
D:2:      vehumet_crystals
D:3:      johnstein_pakellas_dig, amethyst_overflow_temple_binary,
          gammafunk_temple_overflow_forgotten, tgw_fedhas, uniq_sigmund

Action                   |  1- 3 |  4- 6 || total
-------------------------+-------+-------++-------
Melee: Quarterstaff      |    58 |    21 ||    79
       Unarmed           |     6 |       ||     6
  Use: Potion            |     2 |     1 ||     3
 Stab: Distracted        |     1 |       ||     1
  Eat: Chunk             |     1 |       ||     1
